[Event "Late-Titled-Tuesday-Blitz-September-19-2023"]
[Site "Chess.com"]
[Date "2023.09.19"]
[Round "3"]
[White "Sacbutt"]
[Black "protectiago"]
[Result "1-0"]
[WhiteElo "2372"]
[BlackElo "2088"]
[TimeControl "180+1"]
[EndTime "14:27:47 PDT"]
[Termination "Sacbutt won on time"]

1. d4 Nf6 2. c4 g6 3. Nc3 d5 4.
cxd5 Nxd5 5. e4 Nxc3 6. bxc3 Bg7 7. Nf3 c5 8. Rb1 O-O 9. Be2 Nc6 10. d5 Ne5 11. Nxe5 Bxe5 12. O-O a6 13. c4 Bd7 14. Be3 b5 15. cxb5 axb5 16. Bxb5 Rxa2 17. Bxc5 Bxb5 18. Rxb5 Qc7 19. g3 Rfa8 20. Be3 Qc4 21. Rb7 Ra1 22. Rb1 Rxb1 23. Qxb1 Ra1 24. Qxa1 Bxa1 25. Rxa1 Qxe4 26.
Rd1 f6 27. d6 exd6 28. Rxd6 Qb1+ 29. Kg2 Qb7+ 30. Kg1 Qb1+ 31. Kg2 Qe4+ 32. Kg1 f5 33. Bh6 Qe1+ 34. Kg2 Qe4+ 35. Kg1 Qb1+ 36. Kg2 Qb7+ 37. Kh3 Kf7 38. Rd2 Kf6 39. Bf4 g5 40. Be3 Qf3 41. Rd6+ Ke5 42. Rd4 Qh5+ 43. Kg2 g4 44. Rd2 Qf7 45.
Bf4+ Ke4 46. Re2+ Kd3 47. Re3+ Kc2 48. Re2+ Kd1 49. Re3 Qd5+ 50. Kg1 Qc6 51. Rd3+ Ke2 52. Re3+ Kd1 53. Rd3+ Kc2 54. Re3 1-0

[Event "Late-Titled-Tuesday-Blitz-September-19-2023"]
[Site "Chess.com"]
[Date "2023.09.19"]
[Round "3"]
[White "IMSlavin"]
[Black "Eloist"]
[Result "0-1"]
[WhiteElo "2285"]
[BlackElo "2491"]
[TimeControl "180+1"]
[EndTime "14:27:48 PDT"]
[Termination "Eloist won by resignation"]

1. e4 e6 2. Nf3 d5 3. e5 c5 4. b4 cxb4 5. a3 Nc6 6. axb4 Bxb4 7.
c3 Ba5 8. d4 Nge7 9. Bd3 Bd7 10. O-O b5 11. Bg5 h6 12. Bh4 b4 13. c4 dxc4 14.
Bxc4 Qb6 15. Qb3 O-O 16. Nbd2 Nf5 17. d5 Nxh4 18. Nxh4 Nd4 19. Qa2 b3 20. Qxa5 b2 21.
Ra2 Qxa5 22. Rxa5 Rfb8 23. dxe6 Bxe6 24. Bxe6 fxe6 25. Nhf3 Ne2+ 26. Kh1 Nc1 27. Nb1 a6 28. h4 Rb5 29. Ra4 a5 30. Rd1 Nb3 31. Nd4 Nxd4 32.
Raxd4 a4 33. Rd8+ Rxd8 34. Rxd8+ Kf7 35. Ra8 Rxe5 36. Nc3 Rc5 37. Rb8 a3 38. Rb3 Rxc3 39.
Rxc3 b1=Q+ 40. Kh2 Qb8+ 41. g3 a2 42. Rf3+ Kg8 43. Ra3 Qb2 44. Ra8+ Kh7 45. Ra7 a1=Q 46. Rxa1 Qxa1 47. Kg2 Qc3 48. g4 Qd4 49. Kg3 e5 50. f3 e4 51. fxe4 Qxe4 52. h5 Qd3+ 53. Kh4 Kg8 54. g5 Kf7 55. gxh6 gxh6 56. Kg4 Qe4+ 57. Kg3 Kf6 58. Kh3 Kf5 0-1

[Event "Late-Titled-Tuesday-Blitz-September-19-2023"]
[Site "Chess.com"]
[Date "2023.09.19"]
[Round "3"]
[White "WindWhistler11"]
[Black "valemava"]
[Result "1-0"]
[WhiteElo "2479"]
[BlackElo "2283"]
[TimeControl "180+1"]
[EndTime "14:27:51 PDT"]
[Termination "WindWhistler11 won on time"]

1. Nf3 b5 2. e3 a6 3. a4 b4 4.
c3 a5 5. d4 e6 6. Bd3 Nf6 7.
Nbd2 Bb7 8. Qe2 c5 9. O-O Be7 10. e4 Ba6 11. d5 Bxd3 12. Qxd3 exd5 13. e5 c4 14. Qf5 g6 15. Qf4 Nh5 16. Qd4 Nc6 17.
Qxd5 Ng7 18. Nxc4 O-O 19. Bh6 Re8 20. Ne3 Ne6 21. Rad1 bxc3 22. bxc3 Ra7 23. Ng4 Qb6 24. Be3 Qb7 25. Bxa7 Qxa7 26. Qxd7 Qxd7 27. Rxd7 Nc5 28. Rc7 Nd8 29. Rb1 Nde6 30. Ra7 h5 31. Ne3 Nxa4 32. Rxa5 Nxc3 33. Rba1 Ne2+ 34. Kf1 N2f4 35. g3 Nh3 36. Ra8 Rxa8 37. Rxa8+ Kg7 38. Nd5 Bc5 39. Ra2 g5 40. Nf6 g4 41. Nh4 Kh6 42. Nf5+ Kg5 43. Nd6 Kg6 44.
Nfe4 Bd4 45. Ra7 Bxe5 46. Nxf7 Bd4 47. Nfd6 Bxa7 48. Nc8 Bd4 49. Ne7+ Kf7 50. Nc6 Bf6 51. Nd6+ Kg6 52. Nf5 Kxf5 53. Nb4 Ke4 54. Nc6 Nhg5 55.
Nb4 Bd4 56. f3+ Kxf3 57. Nc2 Be3 58. Ne1+ Ke4 59. Nc2 Nd4 60. Ne1 Ndf3 61. Kg2 Nd2 62. Nc2 Nc4 63. Nb4 Kd4 64. h4 Nf3 65. Nc6+ 1-0

[Event "Late-Titled-Tuesday-Blitz-September-19-2023"]
[Site "Chess.com"]
[Date "2023.09.19"]
[Round "3"]
[White "laskakid"]
[Black "ErikRonka"]
[Result "0-1"]
[WhiteElo "2289"]
[BlackElo "2534"]
[TimeControl "180+1"]
[EndTime "14:27:53 PDT"]
[Termination "ErikRonka won on time"]

1. d4 d5 2. c4 c6 3. cxd5 cxd5 4. Bf4 Nc6 5. e3 a6 6. Nc3 Nf6 7. Be2 Bf5 8. Nf3 e6 9. Qb3 Qd7 10. O-O Be7 11. Na4 Ra7 12. Rfc1 O-O 13. Nc5 Bxc5 14.
Rxc5 Rc8 15. Qb6 Raa8 16. Nh4 Bg6 17. Nxg6 hxg6 18. Rac1 Qe7 19. R5c2 Qd7 20. h3 Ne8 21. b4 Ne7 22. Qa5 Rxc2 23. Rxc2 Rc8 24. Rc5 Nd6 25.
Bxd6 Qxd6 26. Qa3 Rc6 27. Qc3 Qd7 28. Bd1 Kf8 29. Bc2 Ke8 30. a3 Kd8 31. Bd3 b5 32.
Be2 Qd6 33. Bf3 Kd7 34. Be2 Nc8 35. g3 Nb6 36. Bf1 Nc4 37. Bxc4 dxc4 38. e4 Rxc5 39. bxc5 Qc6 40. d5 exd5 41. Qxg7 Qxc5 42. Qxf7+ Kc6 43. Qe6+ Qd6 44. exd5+ Kc5 45. Qe3+ Kxd5 46. Qd2+ Kc5 47. Qe3+ Qd4 48. Qe7+ Qd6 49. Qe3+ Kc6 50. Qe4+ Qd5 51. Qe8+ Kc5 52. Qc8+ Kd4 53. Qg4+ Kd3 54. Qxg6+ Kd2 55.
Qh6+ Kd1 56. Qg6 c3 57. Qb1+ Kd2 0-1

[Event "Late-Titled-Tuesday-Blitz-September-19-2023"]
[Site "Chess.com"]
[Date "2023.09.19"]
[Round "3"]
[White "Chempiblinka"]
[Black "Nick12772"]
[Result "1-0"]
[WhiteElo "2215"]
[BlackElo "2361"]
[TimeControl "180+1"]
[EndTime "14:27:53 PDT"]
[Termination "Chempiblinka won by checkmate"]

1. Nf3 Nf6 2. c4 c6 3. g3 d5 4.
Bg2 g6 5. O-O Bg7 6. d4 O-O 7.
Nbd2 Bf5 8. Nh4 Be6 9. Qb3 Qb6 10. c5 Qxb3 11. axb3 Nbd7 12. b4 a6 13. Nb3 Ne4 14. f3 Nef6 15. f4 Ne4 16. Nf3 Bg4 17. Be3 Ndf6 18.
Rfe1 Rad8 19. h3 Bc8 20. Kh2 h6 21. Ne5 Nd7 22. Na5 Nxe5 23. fxe5 f5 24. Rf1 g5 25.
Ra3 e6 26. Bc1 Kh7 27. Raf3 Kg6 28. e3 Rd7 29. g4 Rdf7 30. Nb3 h5 31. gxf5+ Rxf5 32. Nd2 Nxd2 33. Bxd2 Rxf3 34. Rxf3 Rxf3 35. Bxf3 Bd7 36. e4 Be8 37. exd5 cxd5 38. Be2 Kh6 39. Kg3 h4+ 40. Kg2 Bg6 41. b5 axb5 42. Bxb5 Be4+ 43. Kf2 Kg6 44. Bd7 Kf5 45. Bc8 Bf8 46. Bxb7 Be7 47. b4 Bd8 48. b5 Bd3 49. b6 Ke4 50. Bc8 Kxd4 51. Be3+ Kxe5 52. b7 Bc7 53. c6 Kf5 54. Bd7 Kf6 55. Ba7 Ke7 56. b8=Q Bxb8 57. Bxb8 Bf5 58.
Be5 Bxh3 59. Bc8 Kd8 60. Bb7 Bf5 61. c7+ Kd7 62. c8=Q+ Ke7 63. Qc7+ Kf8 64. Qg7+ Ke8 65. Bc6+ Kd8 66. Qd7# 1-0

[Event "Late-Titled-Tuesday-Blitz-September-19-2023"]
[Site "Chess.com"]
[Date "2023.09.19"]
[Round "3"]
[White "atigerman"]
[Black "Hrant_ChessMood"]
[Result "1-0"]
[WhiteElo "2667"]
[BlackElo "2896"]
[TimeControl "180+1"]
[EndTime "14:27:54 PDT"]
[Termination "atigerman won on time"]

1. e4 c6 2. Nc3 d5 3. d4 dxe4 4. Nxe4 Bf5 5. Ng3 Bg6 6. h4 h6 7. Nf3 e6 8. h5 Bh7 9. Bd3 Bxd3 10. Qxd3 Nf6 11. Bd2 c5 12. O-O-O Nc6 13. Be3 Qa5 14.
Qb3 O-O-O 15. a3 cxd4 16. Nxd4 Nxd4 17. Bxd4 Bd6 18. Kb1 Kb8 19. Qf3 Qg5 20. Ne4 Nxe4 21. Qxe4 Rhg8 22. Rd3 Bc7 23. g4 Qf4 24. Qxf4 Bxf4 25.
Rhd1 Bc7 26. Bc3 Rxd3 27. Rxd3 Kc8 28. Rf3 f6 29. Bd2 Bb6 30. c4 e5 31. Kc2 Kd7 32. Rd3+ Ke6 33. f3 Rc8 34. b3 Bc5 35. b4 Bd4 36. Kb3 f5 37. Bc3 Bxc3 38. Kxc3 fxg4 39. fxg4 Rf8 40. c5 e4 41. Rd6+ Ke5 42. Rd7 b5 43.
Re7+ Kd5 44. Rd7+ Ke5 45. Re7+ Kf4 46. Rxa7 e3 47. Re7 Kf3 48. a4 bxa4 49. b5 e2 50. b6 Rb8 51. Kb4 Rb7 52. Rxe2 Kxe2 53. Kxa4 Kf3 54.
Kb5 Re7 55. c6 Re1 56. b7 Rb1+ 57. Kc5 Kxg4 58. c7 1-0

[Event "Late-Titled-Tuesday-Blitz-September-19-2023"]
[Site "Chess.com"]
[Date "2023.09.19"]
[Round "3"]
[White "PawnEatingZombie"]
[Black "sebastianmarinp"]
[Result "0-1"]
[WhiteElo "2194"]
[BlackElo "2399"]
[TimeControl "180+1"]
[EndTime "14:27:55 PDT"]
[Termination "sebastianmarinp won on time"]

1. e4 e6 2. d4 d5 3. e5 c5 4. c3 Qb6 5. Nf3 Nc6 6. Bd3 cxd4 7.
O-O Bd7 8. Re1 Nge7 9. h4 Nf5 10.
Bxf5 exf5 11. cxd4 Be7 12. Nc3 Be6 13. Ne2 Qd8 14.
h5 O-O 15. Nf4 Rc8 16. Bd2 Na5 17. b3 Nc6 18. Re3 Rc7 19. g3 Bb4 20. Kg2 Qe7 21.
Nh4 Rfc8 22. Bc1 Nd8 23. Bb2 Bc3 24. Bxc3 Rxc3 25. Rxc3 Rxc3 26. Rc1 Qc7 27. Nd3 h6 28. Nc5 Rxc1 29. Qxc1 b6 30. Nd3 Qe7 31. Nf4 Qd7 32.
Nf3 Nc6 33. Qc3 Kf8 34. a4 Ke8 35. Ne1 Kd8 36. Ned3 Ne7 37. Nb4 a5 38. Nbd3 Nc6 39.
b4 axb4 40. Nxb4 Na5 41. Nbd3 Nc4 42. Qb4 Qe7 43. Qb5 Qd7 44. Qa6 Qc8 45. Qb5 Qd7 46.
Qa6 Ke7 47. Qb5 Qxb5 48. axb5 Na3 49. Nb4 Nxb5 50. Nbxd5+ Bxd5+ 51. Nxd5+ Ke6 52. Nxb6 Nxd4 53. f4 Nc6 54. Nc4 Ne7 55. Nd6 g6 56. hxg6 fxg6 57. Kf3 g5 58. fxg5 hxg5 59. Nc4 Ng6 60. Ke3 Nxe5 61.
Nd2 Ng4+ 62. Kf3 Ne5+ 63. Ke3 Kd5 64. Nf1 Nc4+ 0-1

[Event "Late-Titled-Tuesday-Blitz-September-19-2023"]
[Site "Chess.com"]
[Date "2023.09.19"]
[Round "3"]
[White "tdf98pantani"]
[Black "maksimys18"]
[Result "1-0"]
[WhiteElo "2708"]
[BlackElo "2490"]
[TimeControl "180+1"]
[EndTime "14:27:57 PDT"]
[Termination "tdf98pantani won by checkmate"]

1. e4 e6 2. d3 d5 3. Nd2 c5 4. Ngf3 Nc6 5. g3 Nf6 6. Bg2 Be7 7. O-O O-O 8. Re1 b5 9. h4 Bb7 10. Qe2 c4 11. e5 Nd7 12. d4 b4 13. c3 a5 14. Nf1 a4 15. a3 bxc3 16. bxc3 Na5 17. Bg5 Nb3 18. Ra2 Ra6 19. Ne3 f6 20. exf6 Bxf6 21.
Ng4 Bxg5 22. Nxg5 Re8 23. Ne5 Nxe5 24. Qxe5 Qd6 25. Qe3 h6 26. Nf3 Rf8 27. Bh3 Bc8 28. Ne5 Ra7 29. Ng6 Rf6 30. Nf4 Re7 31. Rae2 Qxa3 32. Nxd5 exd5 33. Qxe7 Qxe7 34. Rxe7 Bxh3 35. Ra7 Rf3 36. Ree7 Nc1 37. Rxg7+ Kf8 38. Rh7 Kg8 39. Rhg7+ Kf8 40. Rgb7 Kg8 41. Kh2 Be6 42. Kg2 Rf7 43. Rxf7 Bxf7 44. Rxa4 Kg7 45. g4 Be6 46. f3 Nd3 47.
Kg3 Nc1 48. Kf2 Bf7 49. h5 Nd3+ 50. Ke3 Ne1 51. Ra2 Kf6 52. f4 Be6 53. Ra6 Ke7 54. f5 Bd7 55. Rxh6 Ng2+ 56. Kf3 Ne1+ 57. Kf4 Nd3+ 58. Ke3 Ba4 59. g5 Bc2 60. Rh7+ Kf8 61. g6 Ne1 62. h6 Ng2+ 63. Kf3 Nh4+ 64. Kf4 Nxf5 65. Rf7+ Kg8 66. h7+ Kh8 67. Rf8+ Kg7 68. h8=Q+ Kxg6 69. Rf6# 1-0

[Event "Late-Titled-Tuesday-Blitz-September-19-2023"]
[Site "Chess.com"]
[Date "2023.09.19"]
[Round "3"]
[White "elpatodice"]
[Black "OYAcosta"]
[Result "0-1"]
[WhiteElo "2363"]
[BlackElo "2177"]
[TimeControl "180+1"]
[EndTime "14:27:57 PDT"]
[Termination "OYAcosta won by checkmate"]

1. e4 c6 2. d4 d5 3. Nd2 dxe4 4.
Nxe4 Bf5 5. Ng3 Bg6 6. h4 h6 7. Nf3 Nd7 8. h5 Bh7 9. Bd3 Bxd3 10. Qxd3 Ngf6 11. Bf4 Qa5+ 12. Bd2 Qc7 13. O-O-O e6 14. Kb1 O-O-O 15. Qe2 Kb8 16. Ne5 Nxe5 17. dxe5 Nd7 18. f4 Ka8 19. Ne4 Nc5 20. Nxc5 Bxc5 21. Bc1 Rd5 22. c4 Rdd8 23. g4 Bd4 24. Be3 Qb6 25.
Bxd4 Rxd4 26. Rxd4 Qxd4 27. Rd1 Qxf4 28. Rd7 Rc8 29.
a3 f6 30. exf6 Qxf6 31. Rd6 Re8 32. c5 Qf7 33. Qd3 e5 34. Rd7 Qf6 35. Qd6 Qf1+ 36. Kc2 Qc4+ 37. Kd2 Qf4+ 38. Kd3 e4+ 39. Kc2 Qg5 40. Qc7 Rb8 41. b4 a6 42. Rxg7 Qd5 43. Kb2 Qd2+ 44. Kb3 Qd1+ 45. Kb2 Qd3 46. Rd7 Qe2+ 47.
Kb3 Qxg4 48. Rd8 Rxd8 49. Qxd8+ Ka7 50. Qb6+ Kb8 51. Qd8+ Qc8 52. Qd6+ Ka8 53. Qxh6 Qe8 54. Qg6 Qe5 55. Qg8+ Ka7 56. h6 e3 57. h7 e2 58.
h8=Q Qe3+ 59. Qc3 Qxc3+ 60. Kxc3 e1=Q+ 61. Kb3 Qd1+ 62. Kb2 Qd2+ 63. Kb3 Qd3+ 64. Kb2 Qb5 65. Qg2 a5 66. Qd2 Ka6 67. Qc3 Qe2+ 68. Kb3 Qd1+ 69. Kc4 Qd5# 0-1

[Event "Late-Titled-Tuesday-Blitz-September-19-2023"]
[Site "Chess.com"]
[Date "2023.09.19"]
[Round "3"]
[White "canary2016"]
[Black "santosalberto1987"]
[Result "0-1"]
[WhiteElo "2146"]
[BlackElo "2510"]
[TimeControl "180+1"]
[EndTime "14:28:00 PDT"]
[Termination "santosalberto1987 won by checkmate"]

1. e4 e6 2. Nf3 d5 3. e5 Ne7 4. d4 c5 5. c3 Nbc6 6. Be3 Nf5 7.
Nbd2 cxd4 8. cxd4 Qb6 9. Nb3 Bb4+ 10. Bd2 a5 11. Bc3 a4 12. Nbd2 a3 13. Bxb4 Qxb4 14. bxa3 Rxa3 15. Rb1 Qc3 16. Bb5 Nxd4 17. Nxd4 Qxd4 18.
O-O Rxa2 19. Nf3 Qxd1 20. Rfxd1 O-O 21. Rdc1 Bd7 22. h3 h6 23. Rc3 Rfa8 24. Rcb3 Ra1 25. Kh2 Rxb1 26. Rxb1 Kf8 27. Bd3 Ra7 28. Bc2 Ke7 29.
Bd3 Kd8 30. Be2 Kc7 31. Bd3 Ra3 32. Bf1 Ra4 33. Kg3 Nd4 34. Nxd4 Rxd4 35. Rc1+ Bc6 36. Bb5 g5 37. f3 Rd2 38. Bf1 Rb2 39. h4 Rb4 40.
hxg5 hxg5 41. Rc2 Rb1 42. Be2 Kd7 43. Rd2 Bb5 44. Rc2 Bxe2 45. Rxe2 Rb4 46. Rd2 b5 47. Rc2 Rc4 48. Rb2 b4 49. Ra2 b3 50.
Ra7+ Rc7 51. Ra3 Rb7 52. Ra1 b2 53. Rb1 Kc6 54. Kf2 Kc5 55. Ke2 d4 56. Kd3 Kd5 57. g3 Kxe5 58. Re1+ Kd5 59. Rb1 f5 60. Kd2 e5 61. Kd3 e4+ 62. fxe4+ fxe4+ 63. Kd2 d3 64. Ke3 Kc4 65. Kxe4 Kc3 66. Ke3 Kc2 67. Rh1 b1=Q 68.
Rh2+ Kc3 69. g4 Qg1+ 70. Kf3 Qxh2 71. Ke3 Re7+ 72. Kf3 Qf4+ 73. Kg2 Re2+ 74. Kg1 Qc1# 0-1

[Event "Late-Titled-Tuesday-Blitz-September-19-2023"]
[Site "Chess.com"]
[Date "2023.09.19"]
[Round "3"]
[White "Sjakkerntobi"]
[Black "Zampronha1971"]
[Result "1-0"]
[WhiteElo "2521"]
[BlackElo "2286"]
[TimeControl "180+1"]
[EndTime "14:28:01 PDT"]
[Termination "Sjakkerntobi won by checkmate"]

1. f4 c5 2. Nf3 b6 3. g3 Bb7 4. Bg2 e6 5. O-O g6 6. d3 Bg7 7.
Nc3 Ne7 8. e4 d6 9. h3 O-O 10.
g4 f5 11. Qe1 Qd7 12. Qh4 Nbc6 13. Bd2 Nd4 14. Nxd4 cxd4 15. Ne2 Rac8 16. c3 Ba6 17. c4 b5 18. b3 bxc4 19. bxc4 d5 20. Bb4 Rfe8 21.
Bxe7 Rxe7 22. exd5 exd5 23. Bxd5+ Kh8 24. Ng3 fxg4 25.
hxg4 Re3 26. Rf2 Rxd3 27. Rh2 Rxg3+ 28. Qxg3 d3 29. Rd1 Rxc4 30. Qxd3 Rd4 31. Rxh7+ Kxh7 32. Qh3+ Bh6 33. Rxd4 Qe7 34. Be4 Qc5 35. Qe3 Bg7 36. Bxg6+ Kxg6 37. f5+ Kh7 38. f6 Bf8 39. Rd7+ Kg8 40.
Qxc5 Bxc5+ 41. Kg2 Bb5 42. Rd8+ Kf7 43. g5 Bc6+ 44. Kg3 Bb6 45. Rd1 Kg6 46. Rf1 Bb5 47.
f7 Bc7+ 48. Kg4 Bd7+ 49. Kh4 Bd6 50. f8=Q Bxf8 51. Rxf8 Bb5 52. Rf6+ Kg7 53. a3 a6 54.
Rb6 Kf7 55. Rb7+ Kg6 56. Rb6+ Kg7 57. Kh5 Be2+ 58. Kh4 Bb5 59. Kg4 Kf7 60. g6+ Kg7 61.
Kg5 Bd3 62. Rb7+ Kg8 63. g7 Be4 64. Ra7 Kh7 65. Kf6 Bd3 66. Rb7 Bc4 67. Rb8 Ba2 68. Rh8# 1-0

[Event "Late-Titled-Tuesday-Blitz-September-19-2023"]
[Site "Chess.com"]
[Date "2023.09.19"]
[Round "3"]
[White "Harald_Schmidt"]
[Black "CarlssonLudvig"]
[Result "1/2-1/2"]
[WhiteElo "2323"]
[BlackElo "2719"]
[TimeControl "180+1"]
[EndTime "14:28:03 PDT"]
[Termination "Game drawn by stalemate"]

1. e4 e5 2. Nf3 Nf6 3. Nc3 Nc6 4. Bb5 Nd4 5. Bc4 Bc5 6. Nxd4 Bxd4 7. d3 d6 8. h3 c6 9. Ne2 Bb6 10. Bb3 Be6 11. Ng3 d5 12. O-O h6 13. Bd2 O-O 14. Qf3 dxe4 15. Nxe4 Nd5 16. Rfe1 f5 17. Ng3 e4 18.
dxe4 fxe4 19. Qxe4 Bxf2+ 20. Kh1 Bf7 21. Nf5 Bxe1 22. Rxe1 Qf6 23. Qg4 Kh8 24. Bxd5 Bxd5 25. Bc3 Qg5 26. Bxg7+ Kh7 27. Qxg5 hxg5 28. Bxf8 Rxf8 29.
Re7+ Kg6 30. Ne3 Rf2 31. Kg1 Rd2 32. b3 b5 33. Rxa7 Be4 34. a4 Re2 35. Re7 Bxc2 36. axb5 cxb5 37. b4 Bd3 38. Nd5 Rb2 39. g4 Bc4 40. Ne3 Rxb4 41. Rb7 Rb1+ 42. Kf2 Rb2+ 43.
Kf3 Rb3 44. Ke4 Be2 45. Rb6+ Kf7 46. Nf5 Bd3+ 47. Ke5 Bxf5 48. gxf5 Rxh3 49. Rb7+ Kf8 50. Kf6 Rh6+ 51. Kxg5 Rc6 52. Rxb5 Kf7 53. Rb7+ Kf8 54.
Rh7 Kg8 55. Rh6 Rxh6 56. Kxh6 Kf7 57. Kg5 Kg7 58. Kf4 Kf6 59. Ke4 Kf7 60. Kf4 Kf6 61.
Kg4 Kf7 62. Kf3 Kf6 63. Ke4 Kf7 64. Ke5 Ke7 65. f6+ Kf7 66. Kf5 Kf8 67. Ke6 Ke8 68.
f7+ Kf8 69. Kf6 1/2-1/2

[Event "Late-Titled-Tuesday-Blitz-September-19-2023"]
[Site "Chess.com"]
[Date "2023.09.19"]
[Round "3"]
[White "IvanRadivojevic"]
[Black "SRob2003"]
[Result "1-0"]
[WhiteElo "2503"]
[BlackElo "2616"]
[TimeControl "180+1"]
[EndTime "14:28:03 PDT"]
[Termination "IvanRadivojevic won by checkmate"]

1. e4 c6 2. d4 d5 3. exd5 cxd5 4. c4 Nf6 5. Nc3 Nc6 6. Nf3 g6 7. Bg5 Be6 8. Bxf6 exf6 9. Be2 Bg7 10. O-O O-O 11.
Re1 Re8 12. h3 Qd7 13. Bf1 Rad8 14. c5 f5 15. Qd2 Re7 16. a3 Na5 17. Qc2 Nc6 18. Qd2 Rde8 19. b4 Qd8 20. Nb5 Bd7 21. Nd6 Rxe1 22. Rxe1 Rxe1 23. Qxe1 Qc7 24. Ng5 Bf6 25.
Ngxf7 Nxd4 26. Ne8 Bxe8 27. Qxe8+ Kg7 28. Nd6 Qe7 29. Qxe7+ Bxe7 30. Nxb7 Kf6 31. Bd3 Ke6 32.
b5 Nb3 33. c6 Bxa3 34. Kf1 Nc5 35. Ke2 Ke7 36. Na5 Ne4 37. Nb3 Kd6 38. Nd4 Bc5 39. Bxe4 dxe4 40. Nb3 Bb6 41. f3 Kd5 42. fxe4+ fxe4 43.
Nd2 Kd4 44. g4 h5 45. gxh5 gxh5 46. Nf1 Kc5 47. Ng3 Kxb5 48. Nxh5 Kxc6 49. Nf6 e3 50. h4 Bd4 51. Ng4 a5 52. Nxe3 a4 53. Nc2 Kc5 54.
Kd3 Bf6 55. h5 Kb5 56. h6 Ka5 57. Kc4 Be5 58. h7 Bh8 59. Na3 Bg7 60. Nb5 Bh8 61. Nc3 Bg7 62. Ne4 Bh8 63. Ng5 Bb2 64. Ne6 a3 65.
Nd4 Ka4 66. h8=Q a2 67. Qa8# 1-0

[Event "Late-Titled-Tuesday-Blitz-September-19-2023"]
[Site "Chess.com"]
[Date "2023.09.19"]
[Round "3"]
[White "Mikasinski"]
[Black "andrzej"]
[Result "0-1"]
[WhiteElo "2611"]
[BlackElo "2470"]
[TimeControl "180+1"]
[EndTime "14:28:03 PDT"]
[Termination "andrzej won by resignation"]

1. e4 e5 2. Nf3 Nf6 3. Nc3 Bb4 4. Nxe5 O-O 5. Nf3 Re8 6. Be2 Nxe4 7. Nxe4 Rxe4 8.
O-O d5 9. d4 h6 10. c3 Bd6 11.
Re1 c6 12. h3 Bf5 13. Be3 Re8 14. c4 dxc4 15. Bxc4 Nd7 16. Qb3 Qf6 17. Rad1 Nb6 18. Be2 Be6 19. Qc2 Bd5 20. Ne5 Bxe5 21. dxe5 Qxe5 22.
Bd4 Qg5 23. g3 Nd7 24. h4 Qg6 25. Bd3 Qg4 26. Rxe8+ Rxe8 27. Bf1 Qf3 28. Kh2 Nf8 29. Bh3 Ng6 30. Qd3 Qxd3 31. Rxd3 Bxa2 32. Ra3 Bd5 33. h5 Ne5 34. Re3 Nf3+ 35. Rxf3 Bxf3 36. Bxa7 Re1 37. g4 Re2 38. Kg3 Bd5 39. Bd4 Rd2 40. Bc3 Rc2 41. Bf1 b5 42. Bd3 Rc1 43. Kf4 Ra1 44. Ke5 Ra8 45. Kd6 Re8 46. Bxb5 cxb5 47. Kxd5 Re2 48. Kc5 Rxf2 49. Kxb5 Rf4 50. Kc6 Rxg4 51.
Kc5 Rg5+ 52. Kc6 Rxh5 53. b4 Rh3 54. Bd4 Rb3 55. b5 h5 56. b6 g5 57. b7 Rxb7 58.
Kxb7 f5 59. Kc6 Kf7 60. Kd5 Kg6 61. Ke5 h4 62. Bf2 h3 63. Bg3 f4 64. Bh2 Kh5 65.
Ke4 Kg4 66. Kd3 Kf5 67. Ke2 g4 68. Kf2 Ke4 69. Kg1 Kf3 70. Kh1 g3 71. Bg1 Ke2 72.
Bc5 f3 73. Bf2 gxf2 74. Kh2 f1=Q 0-1

[Event "Late-Titled-Tuesday-Blitz-September-19-2023"]
[Site "Chess.com"]
[Date "2023.09.19"]
[Round "3"]
[White "dorpato"]
[Black "norwaytoadog"]
[Result "0-1"]
[WhiteElo "2001"]
[BlackElo "2357"]
[TimeControl "180+1"]
[EndTime "14:28:03 PDT"]
[Termination "norwaytoadog won by resignation"]

1. e4 c5 2. Nc3 Nc6 3. g3 g6 4. Bg2 Bg7 5. d3 d6 6. Be3 Rb8 7. Qd2 b5 8. Rb1 b4 9. Nce2 Nd4 10. Nf3 Nxf3+ 11. Bxf3 Bh3 12. Nf4 Bd7 13. O-O e6 14.
Bg2 Ne7 15. Ne2 O-O 16. Bh6 d5 17. Bxg7 Kxg7 18. e5 f5 19. exf6+ Rxf6 20. f4 h5 21. h4 Nf5 22. Kh2 Qc7 23. Ng1 g5 24. fxg5 Qxg3+ 25.
Kh1 Qxh4+ 26. Nh3 Ng3+ 27. Kg1 Qd4+ 28. Rf2 Rxf2 29. Qxf2 Qxf2+ 30. Kxf2 Nf5 31. Nf4 h4 32. Bh3 Rf8 33. Kf3 Nd4+ 34. Ke3 Nxc2+ 35. Kd2 Nd4 36. Nh5+ Kg6 37. Nf6 Nf3+ 38. Ke3 Ne5 39. Nxd7 Nxd7 40. Bxe6 Re8 41. Kf4 Rxe6 42. Rh1 Re2 43. Rxh4 Rxb2 44.
Rh6+ Kg7 45. Rd6 Nb6 46. Rc6 c4 47. dxc4 dxc4 48. Kf5 c3 49. Rc7+ Kf8 50. Kf6 Rf2+ 51. Kg6 c2 52. Kh7 Rh2+ 53. Kg6 Nd5 54. Rc8+ Ke7 55.
Rc5 Nc3 56. Re5+ Kd6 57. Re1 Nd1 58. Re8 c1=Q 0-1

[Event "Late-Titled-Tuesday-Blitz-September-19-2023"]
[Site "Chess.com"]
[Date "2023.09.19"]
[Round "3"]
[White "Haykoooo0o"]
[Black "Alexei_Gubajdullin"]
[Result "0-1"]
[WhiteElo "2466"]
[BlackElo "2639"]
[TimeControl "180+1"]
[EndTime "14:28:05 PDT"]
[Termination "Alexei_Gubajdullin won on time"]

1. d4 Nf6 2. Nf3 g6 3. Bf4 Bg7 4. h3 O-O 5. e3 d6 6. c3 Nc6 7. Be2 Nd7 8. O-O e5 9. Bh2 f5 10. Na3 g5 11. Nc4 f4 12. exf4 exf4 13. Bd3 h5 14.
Qe2 g4 15. hxg4 hxg4 16. Qe6+ Rf7 17. Bg6 Nde5 18. Bxf7+ Nxf7 19. Qd5 Ne7 20. Qh5 gxf3 21. Qxf3 Ng6 22. Bxf4 Qf6 23. Bg3 Qxf3 24. gxf3 Ng5 25. Nd2 Bh6 26. f4 Nh3+ 27. Kg2 Nhxf4+ 28. Bxf4 Nxf4+ 29. Kf3 Nd3 30. Nc4 Be6 31. b3 Bd5+ 32. Ke2 Nf4+ 33. Kd1 Bf3+ 34. Kc2 Be4+ 35. Kb2 Nd3+ 36. Ka3 d5 37.
Ne3 Bf8+ 38. b4 a5 39. Kb3 axb4 40. f3 Ra3+ 41. Kc2 Rxc3+ 42. Kd2 Bh7 43. Nxd5 Bh6+ 44.
f4 Ra3 45. Nf6+ Kg7 46. Nxh7 Kxh7 47. Rf3 Bxf4+ 48. Ke2 Nc1+ 49. Rxc1 Bxc1 50. Rf7+ Kg6 51. Rxc7 Rxa2+ 52. Kd3 Rd2+ 53. Ke4 Bb2 54. Rxb7 Rxd4+ 55. Ke3 Bc3 56. Rc7 Rh4 57. Rb7 Kf5 58. Kd3 Ke6 59. Kc2 Kd5 60. Kb3 Rh3 61. Rd7+ Kc6 62. Rd1 Kc5 63.
Rf1 Bd4+ 64. Kc2 b3+ 65. Kb1 b2 66. Rd1 Ra3 67. Rc1+ Kd5 68. Rc5+ Kxc5 0-1

[Event "Late-Titled-Tuesday-Blitz-September-19-2023"]
[Site "Chess.com"]
[Date "2023.09.19"]
[Round "3"]
[White "stasOR4ik"]
[Black "lluiss"]
[Result "1-0"]
[WhiteElo "2440"]
[BlackElo "2250"]
[TimeControl "180+1"]
[EndTime "14:28:06 PDT"]
[Termination "stasOR4ik won on time"]

1. e4 c5 2. c3 d5 3. exd5 Qxd5 4. d4 Nf6 5. Nf3 Bg4 6. Be2 Nc6 7. O-O e6 8. Be3 cxd4 9. Nxd4 Bxe2 10. Qxe2 Nxd4 11.
cxd4 Rc8 12. Nc3 Qc4 13. Qf3 Qc6 14. d5 Nxd5 15. Nxd5 Qxd5 16. Qxd5 exd5 17. Bxa7 Rc2 18. Rfe1+ Kd7 19. Rad1 Kc6 20. Re8 Rxb2 21. g3 Bc5 22.
Rxh8 Bxa7 23. Rxh7 Rxf2 24. Kh1 g6 25. a4 d4 26. Rd3 Kd5 27. Kg1 Rf6 28. Rh8 Ke4 29. Rd1 d3+ 30. Kg2 Rf2+ 31. Kh3 d2 32. Re8+ Kd3 33. Re7 Kc2 34. Rxd2+ Kxd2 35. Rxb7 Be3 36.
a5 Ke1 37. a6 Ra2 38. Re7 Kd2 39. Rxf7 Rxa6 40. Kg4 Re6 41. h4 Ke2 42. h5 gxh5+ 43.
Kxh5 Re5+ 44. Kh4 Re4+ 45. g4 Bf2+ 46. Kh5 Re5+ 47. Kg6 Be3 48. Rf5 Re4 49. g5 Re6+ 50.
Rf6 Re5 51. Rf5 Re8 52. Kf7 Re4 53. g6 Rg4 54. g7 Bd4 55. g8=Q Rxg8 56. Kxg8 Ke3 57.
Kf7 Kd3 58. Ke6 Bc3 59. Kd5 Bd2 60. Rf3+ Ke2 61. Rh3 Be1 62. Ke4 Bf2 63. Rh2 Kf1 64. Kf3 Bg1 65. Rc2 Ke1 66. Rc1+ 1-0

[Event "Late-Titled-Tuesday-Blitz-September-19-2023"]
[Site "Chess.com"]
[Date "2023.09.19"]
[Round "3"]
[White "Rodalquilar"]
[Black "Slovak_fighter2000"]
[Result "1-0"]
[WhiteElo "2743"]
[BlackElo "2451"]
[TimeControl "180+1"]
[EndTime "14:28:07 PDT"]
[Termination "Rodalquilar won on time"]

1. d4 Nf6 2. Nf3 d5 3. Bf4 c5 4.
e3 Nc6 5. Nbd2 e6 6. c3 Bd6 7. Bg3 O-O 8. Bb5 cxd4 9. exd4 a6 10. Bd3 b5 11. a3 Ne7 12. Bxd6 Qxd6 13. Ne5 Ng6 14.
Ndf3 Ne4 15. Nxg6 hxg6 16. Bxe4 dxe4 17. Ne5 Bb7 18. Qg4 e3 19. fxe3 Qd5 20. O-O Qe4 21.
Qxe4 Bxe4 22. Rf4 Bc2 23. Rc1 Bb3 24. Rcf1 Ra7 25. Nxg6 Rd8 26. Ne5 Rf8 27. R1f3 f6 28. Nd3 Rb8 29. Nc5 Ba2 30. Rf1 a5 31. Ra1 Bc4 32.
b3 Bd5 33. e4 Bc6 34. Nxe6 Re7 35. Nc5 b4 36. axb4 axb4 37. c4 Rc8 38. Re1 Be8 39.
Nd3 Bg6 40. Nxb4 Rb7 41. Nd5 Bf7 42. Rf3 Kf8 43. g4 Ra8 44. Kg2 Ra2+ 45. Kg3 Rb2 46.
Ree3 Rd2 47. Rd3 Rc2 48. h4 Ra7 49. g5 Raa2 50. gxf6 Rg2+ 51. Kf4 gxf6 52. Nxf6 Ke7 53. Ke5 Rh2 54. Nd5+ Ke8 55. Rh3 Rhg2 56. Rdf3 Ra6 57. Nc7+ Ke7 58. Nxa6 1-0